 Dungeon Crawl Stone Soup version 0.29.1-1-gd02db6906a (webtiles) character file.

Game seed: 11785926431459158275

6594 Letchik2 the Unseen (level 10, -39/49 HPs)
             Began as a Spriggan Earth Elementalist on Sept 19, 2022.
             Was a Believer of Dithmenos.
             Annihilated by a white ugly thing (49 damage)
             ... on level 9 of the Dungeon on Sept 24, 2022.
             The game lasted 01:53:35 (10222 turns).

Letchik2 the Unseen (Spriggan Earth Elementalist)  Turns: 10222, Time: 01:53:37

Health: -39/49     AC:  3    Str:  4    XL:     10   Next: 71%
Magic:  27/30      EV: 22    Int: 23    God:    Dithmenos [**....]
Gold:   388        SH:  0    Dex: 19    Spells: 13/23 levels left

rFire   + + .      SeeInvis +   g - +1 dagger
rCold   x . .      Faith    .   (no shield)
rNeg    . . .      Spirit   .   O - +1 robe "Lonim Pio" {-Tele rF+ Int+5 SInv}
rPois   .          Reflect  .   (helmet restricted)
rElec   .          Harm     .   (no cloak)
rCorr   .          Rampage  .   (gloves unavailable)
Will    +....      NoTele   +   (boots unavailable)
Stlth   ++++++++..              f - amulet of the acrobat
HPRegen 0.16/turn               k - ring of magical power
MPRegen 0.22/turn               v - ring of fire

@: wreathed by umbra, very quick
A: very small, no large weapons, unfitting armour, see invisible, speed 3
a: Renounce Religion, Shadow Step


You were on level 9 of the Dungeon.
You worshipped Dithmenos.
Dithmenos was pleased with you.
You visited 2 branches of the dungeon, and saw 10 of its levels.

You collected 458 gold pieces.
You spent 70 gold pieces at shops.

Inventory:

Hand Weapons
 c - a +0 short sword
 g - a +1 dagger (weapon)
 h - a +0 dagger
 p - a +1 vampiric spear
 w - a +0 dagger
 A - a +4 flail of venom
 B - a +2 vorpal trident
 G - a +1 scimitar of freezing
 J - a +4 morningstar of freezing
 N - a +5 morningstar
 Q - a +1 dagger
 R - a +0 scimitar of flaming
Missiles
 e - 100 stones
 n - 19 poisoned darts
 u - 6 datura-tipped darts
Armour
 a - a +0 robe
 z - +0 steam dragon scales
 O - the +1 robe "Lonim Pio" (worn) {-Tele rF+ Int+5 SInv}
   (You found it on level 8 of the Dungeon)

   Int:       It affects your intelligence (+5).
   rF:        It protects you from fire.
   SInv:      It lets you see invisible.
   -Tele:     It prevents most forms of teleportation.
Magical Staves
 l - a staff of air
Jewellery
 f - an amulet of the acrobat (around neck)
 k - a ring of magical power (left hand)
 r - an amulet of faith
 v - a ring of fire (right hand)
 M - an amulet of regeneration
 S - a ring of fire
Wands
 q - a wand of charming (9)
 x - a wand of mindburst (15)
 y - a wand of acid (12)
 D - a wand of flame (14)
 I - a wand of iceblast (7)
Scrolls
 i - 9 scrolls of identify
 j - 2 scrolls of teleportation
 m - a scroll of acquirement {unknown}
 o - 2 scrolls of noise
 s - a scroll of enchant weapon
 F - a scroll of amnesia {unknown}
 H - a scroll of brand weapon {unknown}
 L - a scroll of immolation {unknown}
 P - a scroll of summoning {unknown}
Potions
 b - 4 potions of magic
 d - 5 potions of curing
 t - 3 potions of degeneration
 C - 2 potions of lignification {unknown}
 E - a potion of might {unknown}


   Skills:
 - Level 3.0 Fighting
 - Level 5.0 Short Blades
 + Level 7.0 Dodging
 - Level 15.0 Stealth
 - Level 7.0 Spellcasting
 - Level 8.0 Transmutations
 - Level 7.0 Earth Magic


You had 13 spell levels left.
You knew the following spells:

 Your Spells              Type           Power      Damage    Failure   Level
a - Sandblast             Erth           80%        2d17      1%          1
b - Passwall              Tmut/Erth      35%        N/A       1%          2
c - Petrify               Tmut/Erth      42%        N/A       3%          4
d - Stone Arrow           Conj/Erth      48%        3d10      5%          3

Your spell library contained the following spells:

 Spells                   Type           Power      Damage    Failure   Level
 Slow                     Hex            32%        N/A       8%          1
 Static Discharge         Conj/Air       8%         3-4/arc   12%         2
 Confusing Touch          Hex            8%         N/A       22%         3
 Vampiric Draining        Necr           8%         2d6       22%         3
 Lightning Bolt           Conj/Air       4%         1d15      91%         5
 Maxwell's Capacitive Co  Air            4%         ∞         100%        8


Dungeon Overview and Level Annotations

Branches:
Dungeon (9/15)             Temple (1/1) D:7
   Lair: D:8-11         Orc: D:9-12

Altars:
Ashenzari
Cheibriados
Dithmenos
Elyvilon
Fedhas
Gozag
Hepliaklqana
Kikubaaqudgha
Makhleb
Nemelex Xobeh
Okawaru
Qazlal
Sif Muna
Trog
Uskayaw
Vehumet
Wu Jian
Xom
Yredelemnul
Zin
The Shining One

Shops:
D:4 !

Annotations:
D:2 Robin
D:5 Grinder
D:9 Prince Ribbit


Innate Abilities, Weirdness & Mutations

You are very small and have problems with some larger weapons.
You are too small for most types of armour.
You have supernaturally acute eyesight. (SInv)
You cover ground extremely quickly. (Speed+++)


Message History

You hear a shout!
The centaur warrior shoots an arrow.
The arrow barely misses you.
The centaur warrior shoots an arrow.
The arrow completely misses you.
Prince Ribbit comes into view.
The centaur warrior stops moving altogether!
Prince Ribbit lets out a mournful croak.
Prince Ribbit moves out of view.
The helpless centaur warrior fails to defend itself.
You perforate the centaur warrior like a sieve!!!!
The centaur warrior is almost dead.
The helpless centaur warrior fails to defend itself.
You perforate the centaur warrior like a sieve!!!!
You kill the centaur warrior!
Dithmenos accepts your kill. The white ugly thing pecks you!
The white ugly thing freezes you!!
You feel a terrible chill!
* * * LOW HITPOINT WARNING * * *
Training target 6.0 for Dodging reached!
Your Dodging skill increases to level 6!
You need to enable at least one skill for training.
Training target 7.0 for Dodging reached!
Your Dodging skill increases to level 7!
You need to enable at least one skill for training.
A kobold comes into view. It is wielding a +0 short sword.
An orc wizard comes into view. It is wielding a +0 dagger.
Casting: Petrify (dangerous; 3% risk of failure)
Confirm with . or Enter, or press ? or * to list all spells.
Aiming: Passwall (safe; 1% risk of failure)
Press: ? - help, Dir - move target A rock wall.
This square is wreathed by an umbra.
The orc wizard shouts!
The kobold shouts!
You hear a shout! x2
You hear an angry buzzing noise.
Prince Ribbit catches a mouse with his tongue.
You begin to meditate on the wall.
You continue meditating on the rock. x3
The white ugly thing pecks you.
* * * LOW HITPOINT WARNING * * *
The white ugly thing freezes you!!!
You feel a terrible chill!
Ouch! That really hurt!
You die...

##.......##.. .......8.#..
.........#.# .......
..K...8...# .O..... ..o....#
....... ##o.8..# .......
#.....## ..>.... ##.#....##
..... ###....#@..##..###.#
#. ###...#####uF#.$...... #.
#######......#####...#####.#
## #......##......# ##..#
..... #. #....###........#
#..# ..... #. #..###
#........# #..#...... ..##
#.......## #..#...... ###
##......# #......... #
##.....# ##F.#....K


You could see a white ugly thing, Prince Ribbit, an orc wizard, an orc and a
kobold.

Vanquished Creatures
  A centaur warrior (D:9)
  The ghost of Quingondo the Shield-Bearer, a novice OpFi of Fedhas (D:6)
  A manticore (D:9)
  Maggie (D:6)
  An efreet (D:9)
  Sigmund (D:3)
  A wyvern (D:8)
  A steam dragon (D:8)
  Eustachio (D:6)
  Menkaure (D:5)
  Edmund (D:5)
  An orc warrior (D:8)
  A black bear (D:6)
  2 ice beasts
  A sky beast (D:6)
  3 ogres
  3 phantoms
  Blork the orc (D:4)
  2 kobold brigands
  A scorpion (D:4)
  6 bullfrogs
  2 necrophages
  A gnoll sergeant (D:9)
  16 wights
  15 killer bees
  2 howler monkeys (D:9)
  A jelly (D:4)
  2 orc priests (D:7)
  4 hounds
  3 iguanas
  Ijyb (D:3)
  Terence (D:3)
  3 orc wizards
  3 gnolls (D:2)
  6 adders
  A white imp (D:6)
  An ufetubus (D:7)
  A worm (D:2)
  3 dart slugs
  13 orcs
  6 endoplasms
  4 giant cockroaches
  9 hobgoblins
  6 jackals
  13 kobolds
  3 quokkas
  8 ball pythons
  5 bats
  3 frilled lizards
  16 goblins
  8 rats
192 creatures vanquished.

Vanquished Creatures (others)
  A fungus (D:1)
1 creature vanquished.

Grand Total: 193 creatures vanquished

Notes
Turn   | Place    | Note
-------+----------+-------------------------------------------
     0 | D:1      | Letchik2 the Spriggan Earth Elementalist began the quest
                  | for the Orb.
     0 | D:1      | Reached XP level 1. HP: 9/9 MP: 5/5
   319 | D:1      | Reached XP level 2. HP: 13/13 MP: 5/7
   529 | D:1      | Reached skill level 1 in Short Blades
   680 | D:1      | Reached XP level 3. HP: 14/16 MP: 5/8
   806 | D:1      | Reached skill level 4 in Stealth
   813 | D:1      | Learned a level 2 spell: Passwall
  1005 | D:1      | Found a faded altar of an unknown god.
  1408 | D:2      | Noticed Robin
  1412 | D:2      | Reached XP level 4. HP: 21/21 MP: 9/9
  1452 | D:2      | Reached skill level 5 in Stealth
  1962 | D:3      | Noticed Ijyb
  1972 | D:3      | Killed Ijyb
  1973 | D:3      | Reached XP level 5. HP: 24/24 MP: 10/10
  1977 | D:3      | Noticed an ogre
  1998 | D:3      | Killed an ogre
  2142 | D:3      | Noticed Sigmund
  2188 | D:3      | Killed Sigmund
  2189 | D:3      | Reached skill level 6 in Stealth
  2189 | D:3      | Reached XP level 6. HP: 28/28 MP: 11/11
  2453 | D:3      | Noticed Terence
  2460 | D:3      | Killed Terence
  2716 | D:4      | Reached XP level 7. HP: 32/32 MP: 12/12
  2857 | D:4      | Reached skill level 1 in Fighting
  2860 | D:4      | Reached skill level 7 in Stealth
  2973 | D:4      | Noticed Blork the orc
  2979 | D:4      | Killed Blork the orc
  2980 | D:4      | Reached skill level 5 in Transmutations
  3121 | D:4      | Identified the +5 scale mail "Dongayme" {Contam +Inv rN++
                  | rCorr}
  3239 | D:4      | Found Igaycef's Distillery.
  3244 | D:4      | Bought a potion of heal wounds for 70 gold pieces
  3696 | D:5      | Entered Level 5 of the Dungeon
  3779 | D:5      | Reached skill level 8 in Stealth
  3868 | D:5      | Reached skill level 9 in Stealth
  3974 | D:5      | Noticed Edmund
  3983 | D:5      | Learned a level 4 spell: Petrify
  3987 | D:5      | Learned a level 3 spell: Stone Arrow
  3997 | D:5      | Found a white marble altar of Elyvilon.
  4000 | D:5      | Noticed Grinder
  4058 | D:5      | Killed Edmund
  4237 | D:5      | Noticed Menkaure
  4239 | D:5      | Killed Menkaure
  4240 | D:5      | Reached XP level 8. HP: 40/40 MP: 13/13
  4247 | D:5      | Found a basalt altar of Yredelemnul.
  4813 | D:6      | Noticed Eustachio
  4868 | D:6      | Reached skill level 5 in Earth Magic
  5157 | D:6      | Noticed Quingondo's ghost (novice OpFi)
  5158 | D:6      | Found a large runed translucent door.
  5158 | D:6      | Found a large runed translucent door.
  5434 | D:6      | Killed Eustachio
  5435 | D:6      | Reached skill level 5 in Spellcasting
  5704 | D:6      | Found an ornate altar of the Wu Jian Council.
  5793 | D:6      | Reached XP level 9. HP: 21/44 MP: 9/17
  5818 | D:6      | HP: 2/44 [white imp/puff of frost (12)]
  6200 | D:6      | Killed Quingondo's ghost
  6326 | D:6      | Noticed Maggie
  6342 | D:6      | Killed Maggie
  6715 | D:6      | Reached skill level 10 in Stealth
  6860 | D:7      | Found a bloodstained altar of Trog.
  6872 | D:7      | Found a glowing silver altar of Zin.
  6998 | D:7      | Found a staircase to the Ecumenical Temple.
  7014 | Temple   | Entered the Ecumenical Temple
  7014 | Temple   | Found a transporter.
  7014 | Temple   | Found a transporter.
  7016 | Temple   | Found a transporter.
  7016 | Temple   | Found a transporter.
  7118 | Temple   | Became a worshipper of Dithmenos the Shadowed
  7187 | D:7      | Reached skill level 11 in Stealth
  7681 | D:7      | Reached skill level 12 in Stealth
  7954 | D:6      | Reached skill level 5 in Short Blades
  8349 | D:8      | Found a sparkling altar of Nemelex Xobeh.
  8366 | D:8      | Reached * piety under Dithmenos
  8367 | D:8      | Reached skill level 13 in Stealth
  8401 | D:8      | Reached XP level 10. HP: 49/49 MP: 18/18
  8560 | D:8      | Identified the +1 robe "Lonim Pio" {-Tele rF+ Int+5 SInv}
  8735 | D:8      | Reached skill level 14 in Stealth
  9118 | D:8      | Reached ** piety under Dithmenos
  9401 | D:8      | Identified the +5 spear of Tahuw {protect, MP+9}
  9589 | D:9      | Reached skill level 15 in Stealth
  9639 | D:9      | Noticed a centaur warrior
  9856 | D:9      | Noticed a manticore
  9865 | D:9      | Killed a manticore
  9912 | D:9      | Reached skill level 5 in Dodging
  9913 | D:9      | Noticed a centaur warrior
 10192 | D:9      | Noticed a two-headed ogre
 10201 | D:9      | Noticed a white ugly thing
 10205 | D:9      | Noticed Prince Ribbit
 10207 | D:9      | Killed a centaur warrior
 10222 | D:9      | Annihilated by a white ugly thing

Illustrated notes

Levels and vault maps discovered:
D:1:      dpeg_arrival_morbid_curiosity, layout_basic,
          shapermc_ecumenical_altar_acropolis, minmay_misc_feat_chi
D:2:      layout_rooms, uniq_robin
D:3:      layout_basic, minmay_misc_feat_doors, uniq_ijyb, uniq_sigmund,
          uniq_terence
D:4:      layout_layer_cave, serial_shops, shop, uniq_blork_the_orc
D:5:      layout_loops_ring, elyvilon_altar_1, mainiacjoe_overflow_24_doors,
          hex_medium, uniq_menkaure, uniq_edmund, uniq_grinder
D:6:      layout_loops_ring, amcnicky_altar_gilded, ebering_ghost_disaster_area,
          uniq_eustachio, uniq_maggie
D:7:      layout_basic, mainiacjoe_overflow_big_doors, temple_pool_b
D:8:      layout_cave_pools, nemelex_diamond_rough_becter,
          grunt_decor_mini_mirrors, hangedman_decor_growths
D:9:      minmay_the_grid_plus [minmay_the_grid_empty, minmay_the_grid_rooms,
          minmay_the_grid_zigzag_pyramid, minmay_the_grid_eight,
          minmay_the_grid_prize_shrinking_boxes], layout_cave_pods,
          marbit_many_paths, serial_column_ruins, column_ruins_hut,
          column_ruins_square_medium, column_ruins_grid_1,
          column_ruins_columns_straight, column_ruins_columns_straight,
          column_ruins_grid_1, uniq_prince_ribbit1
Temple:   hellmonk_temple_divided_pantheon

Skill      XL: |  1  2  3  4  5  6  7  8  9 10 |
---------------+-------------------------------+-----
Spellcasting   | 3 5 7 |  7.0
Transmutations | 2 4 5 8 |  8.0
Short Blades   | 1 2 3 4 5 |  5.0
Stealth        | 4 5 6 9 13 15 | 15.0
Earth Magic    | 3 4 5 7 |  7.0
Fighting       | 3 |  3.0
Dodging        | 3 7 |  7.0

Action                   |  1- 3 |  4- 6 |  7- 9 | 10-12 || total
-------------------------+-------+-------+-------+-------++-------
Melee: Short sword       |    14 |       |       |       ||    14
       Dagger            |    12 |    18 |    43 |    30 ||   103
 Cast: Sandblast         |    50 |    43 |   106 |    44 ||   243
       Passwall          |       |     5 |    16 |     3 ||    24
       Petrify           |       |       |    22 |    27 ||    49
       Stone Arrow       |       |       |     5 |       ||     5
  Use: Scroll            |       |     1 |     2 |     1 ||     4
       Potion            |       |       |     4 |     1 ||     5
 Stab: Sleeping          |     9 |    13 |    22 |     5 ||    49
       Petrified         |       |       |    14 |    16 ||    30
       Petrifying        |       |       |       |     2 ||     2
Armor: Robe              |     3 |       |     2 |     1 ||     6
       Steam dragon scal |       |       |     3 |     3 ||     6
Dodge: Dodged            |    29 |    25 |    75 |    64 ||   193
